 Dungeon Crawl Stone Soup version 0.31-a0-4-gefa6de2278 (webtiles) character file.

Game seed: 15275426545082844048

215 retardedninja the Firebug (level 5, -5/38 HPs)
             Began as a Gnoll Fire Elementalist on May 3, 2023.
             Slain by an ogre
             ... wielding a +0 giant club
              (32 damage)
             ... on level 3 of the Dungeon.
             The game lasted 00:04:19 (4196 turns).

retardedninja the Firebug (Gnoll Fire Elementalist) Turns: 4196, Time: 00:04:20

Health: -5/38      AC:  3    Str:  7    XL:     5   Next: 92%
Magic:  6/12       EV: 28    Int: 16    God:
Gold:   126        SH:  0    Dex: 13    Spells: 11/14 levels left

rFire   . . .        e - +0 spear
rCold   . . .        (no shield)
rNeg    . . .        a - +0 robe
rPois   .            (no helmet)
rElec   .            c - +0 cloak
rCorr   .            (no gloves)
SInv    .            (no boots)
Will    .....        (no amulet)
Stlth   +++          q - ring of the Hare {EV+10}
HPRegen 0.26/turn    m - +5 ring of evasion
MPRegen 0.13/turn

%: no passive effects
@: no status effects
A: fangs 1, strong nose, distributed training
a: no special abilities


You were on level 3 of the Dungeon.
You visited 1 branch of the dungeon, and saw 4 of its levels.

You collected 126 gold pieces.

Inventory:

Hand Weapons
 e - a +0 spear (weapon)
Armour
 a - a +0 robe (worn)
 c - a +0 cloak (worn)
Jewellery
 m - a +5 ring of evasion (right hand)
 q - the ring of the Hare (left hand) {EV+10}
   (You found it on level 2 of the Dungeon)

   [ring of evasion]

   EV:        It affects your evasion (+10).
Scrolls
 f - 3 scrolls of identify {unknown}
 j - a scroll of magic mapping {unknown}
 l - a scroll of amnesia {unknown}
 o - a scroll of teleportation {unknown}
 p - a scroll of vulnerability {unknown}
 r - a scroll of blinking {unknown}
 s - a scroll of immolation {unknown}
 u - a scroll of brand weapon {unknown}
Potions
 b - a potion of magic
 d - a potion of haste {unknown}
 g - a potion of degeneration {unknown}
 h - 4 potions of might {unknown}
 i - a potion of heal wounds {unknown}
 k - 4 potions of curing {unknown}
 n - a potion of berserk rage {unknown}
 t - a potion of resistance {unknown}


   Skills:
 + Level 1.8 Fighting
 + Level 1.8 Short Blades
 + Level 1.8 Long Blades
 + Level 1.8 Axes
 + Level 1.8 Maces & Flails
 + Level 1.8 Polearms
 + Level 1.8 Staves
 + Level 1.8 Ranged Weapons
 + Level 1.8 Throwing
 + Level 1.8 Armour
 + Level 4.9 Dodging
 + Level 4.5 Stealth
 + Level 1.8 Shields
 + Level 1.8 Unarmed Combat
 + Level 5.3 Spellcasting
 + Level 2.5 Conjurations
 + Level 1.4 Hexes
 + Level 1.4 Summonings
 + Level 1.4 Necromancy
 + Level 1.4 Translocations
 + Level 1.4 Transmutations
 + Level 5.6 Fire Magic
 + Level 1.4 Ice Magic
 + Level 1.4 Air Magic
 + Level 1.4 Earth Magic
 + Level 1.4 Poison Magic
 + Level 2.0 Invocations
 + Level 1.8 Evocations


You had 11 spell levels left.
You knew the following spells:

 Your Spells              Type           Power      Damage    Failure   Level
a - Foxfire               Conj/Fire      68%        2x1d7     2%          1
b - Scorch                Fire           44%        2d6       2%          2

Your spell library contained the following spells:

 Spells                   Type           Power      Damage    Failure   Level
 Inner Flame              Hex/Fire       15%        N/A       11%         3
 Volatile Blastmotes      Fire/Tloc      30%        2d12      11%         3
 Flame Wave               Conj/Fire      17%        2d7       26%         4


Dungeon Overview and Level Annotations

Branches:
Dungeon (4/15)
 Temple: D:4-7

Altars:
Ashenzari
Trog

Shops:
D:1 =


Innate Abilities, Weirdness & Mutations

You have very sharp teeth.
Your uncanny sense of smell can sniff out nearby items.
Your experience applies equally to all skills.


Message History

You start waiting.
You see here an adder corpse.
Things that are here:
a +0 mace; an orc corpse
Things that are here:
a +0 falchion; a +0 ring mail; a +0 chain mail
Things that are here:
a +0 whip; an orc corpse
There is a stone staircase leading down here.
You climb downwards.
The adder closely misses you. The ogre misses you.
The orc completely misses you. The adder misses you. The orc misses you. x2
The orc wizard gestures at you while chanting.
The magic dart hits you!
There is a stone staircase leading up, spattered with blood here.
The adder completely misses you. The ogre misses you.
The orc hits you with a +0 mace. The orc misses you.
You climb upwards.
There is a stone staircase leading down here.
Casting: Foxfire (safe; 2% risk of failure)
Confirm with . or Enter, or press ? or * to list all spells.
Flames lash the adder.
The adder is severely wounded.
The adder's fire resistance burns away.
The adder closely misses you. The worm completely misses you.
The adder completely misses you. The orc completely misses you.
The ogre completely misses you. The orc misses you.
Casting: Scorch (safe; 2% risk of failure)
Confirm with . or Enter, or press ? or * to list all spells.
Flames lash the adder.
The adder is burned terribly!
You kill the adder!
The orc misses you. The orc closely misses you.
Unknown command.
Casting: Scorch (safe; 2% risk of failure)
Confirm with . or Enter, or press ? or * to list all spells.
Flames lash the orc.
The orc is almost dead.
The orc's fire resistance burns away.
The ogre hits you with a +0 giant club!!
Ouch! That really hurt!
You die...

..#..##..S##.# ###.######.#
.#.....#...#.# #.##...#.#
#...#..##.##.#########.##.....#
############.........#........#
.....#### #.####..[..<.......#
........# #.####.##.....>....#
.....##.####...............♣~.♣♣
..............###o##.......♣P.P♣
##.####.####.###@O.........♣P~♣♣
#....#.# #...wo[......♣♣.♣~~♣
####.#.# #####..##.#.♣♣♣♣♣♣~♣♣♣
#.#.########..##.#.♣P~♣P~.~♣♣
#.#<#..[.............~..~~.~~
#.#.#.##.###.......♣♣♣♣P~.~♣~
#####.#.#.#............♣♣♣♣♣~~♣♣♣
.............###.#####.##.♣♣♣~P♣
#####.#####.## #.# #.##.♣♣♣~♣♣


You could see an ogre, a worm and 2 orcs.

Vanquished Creatures
  A scorpion (D:3)
  Jessica (D:2)
  6 adders
  2 worms
  4 orcs (D:3)
  5 ball pythons
  9 endoplasms
  3 giant cockroaches
  5 goblins
  7 hobgoblins
  8 jackals (D:2)
  2 kobolds
  2 quokkas (D:1)
  4 bats
  2 frilled lizards
  5 rats
66 creatures vanquished.

Vanquished Creatures (others)
  A wizard (D:3)
  238 foxfires
  2 plants (D:3)
241 creatures vanquished.

Grand Total: 307 creatures vanquished

Notes
Turn   | Place    | Note
-------+----------+-------------------------------------------
     0 | D:1      | retardedninja the Gnoll Fire Elementalist began the quest
                  | for the Orb.
     0 | D:1      | Reached XP level 1. HP: 13/13 MP: 6/6
    54 | D:1      | Found Minoq's Jewellery Boutique.
   234 | D:1      | Reached XP level 2. HP: 19/19 MP: 4/7
  1337 | D:2      | Reached skill level 5 in Spellcasting
  1337 | D:2      | Reached XP level 3. HP: 17/25 MP: 2/9
  1457 | D:2      | Learned a level 2 spell: Scorch
  1474 | D:2      | Reached skill level 1 in Invocations
  1595 | D:2      | Reached skill level 1 in Fighting
  1595 | D:2      | Reached skill level 1 in Short Blades
  1595 | D:2      | Reached skill level 1 in Long Blades
  1595 | D:2      | Reached skill level 1 in Axes
  1595 | D:2      | Reached skill level 1 in Maces & Flails
  1595 | D:2      | Reached skill level 1 in Polearms
  1595 | D:2      | Reached skill level 1 in Staves
  1595 | D:2      | Reached skill level 1 in Ranged Weapons
  1595 | D:2      | Reached skill level 1 in Throwing
  1595 | D:2      | Reached skill level 1 in Armour
  1595 | D:2      | Reached skill level 1 in Shields
  1595 | D:2      | Reached skill level 1 in Unarmed Combat
  1595 | D:2      | Reached skill level 1 in Evocations
  2069 | D:2      | Reached XP level 4. HP: 32/32 MP: 6/11
  2104 | D:2      | Noticed Jessica
  2106 | D:2      | Killed Jessica
  2107 | D:2      | Reached skill level 1 in Hexes
  2107 | D:2      | Reached skill level 1 in Summonings
  2107 | D:2      | Reached skill level 1 in Necromancy
  2107 | D:2      | Reached skill level 1 in Translocations
  2107 | D:2      | Reached skill level 1 in Transmutations
  2107 | D:2      | Reached skill level 1 in Ice Magic
  2107 | D:2      | Reached skill level 1 in Air Magic
  2107 | D:2      | Reached skill level 1 in Earth Magic
  2107 | D:2      | Reached skill level 1 in Poison Magic
  2321 | D:2      | Found the ring of the Hare {EV+10}
  2904 | D:3      | Noticed a scorpion
  2910 | D:3      | Killed a scorpion
  2911 | D:3      | Reached XP level 5. HP: 37/37 MP: 4/12
  3366 | D:3      | Found a broken altar of Ashenzari.
  3494 | D:3      | Found a bloodstained altar of Trog.
  3495 | D:3      | Noticed a wizard
  3500 | D:3      | Killed a wizard
  3791 | D:3      | Saw a vision of the Swamp and the Snake Pit.
  3791 | D:3      | Noticed a bog body
  3791 | D:3      | Noticed a tyrant leech
  3791 | D:3      | Noticed a will-o-the-wisp
  3791 | D:3      | Noticed a black mamba
  3791 | D:3      | Noticed a black mamba
  3793 | D:3      | Noticed a goliath frog
  3875 | D:4      | Noticed an ogre
  4196 | D:3      | Slain by an ogre

Illustrated notes

Levels and vault maps discovered:
D:1:      lightli_arrival_maybe_door_vault, layout_basic, serial_shops,
          nicolae_shop_window_shopping
D:2:      layout_basic, uniq_jessica
D:3:      layout_loops_ring, trog_wizard, grunt_ashenzari_visionary
          [grunt_ashenzari_visionary_swamp, grunt_ashenzari_visionary_snake],
          serial_bayou, serial_bayou_shore_a, serial_bayou_lake_a,
          serial_bayou_pond_d, serial_bayou_crossing,
          nicolae_kite_square_tiling_tiny, nicolae_titane
D:4:      layout_rooms

Skill      XL: |  1  2  3  4  5 |
---------------+----------------+-----
Conjurations   | 2 |  2.5
Spellcasting   | 5 |  5.3
Invocations    | 1 2 |  2.0
Fighting       | 1 |  1.8
Short Blades   | 1 |  1.8
Long Blades    | 1 |  1.8
Axes           | 1 |  1.8
Maces & Flails | 1 |  1.8
Polearms       | 1 |  1.8
Staves         | 1 |  1.8
Ranged Weapons | 1 |  1.8
Throwing       | 1 |  1.8
Armour         | 1 |  1.8
Shields        | 1 |  1.8
Unarmed Combat | 1 |  1.8
Evocations     | 1 |  1.8
Hexes          | 1 |  1.4
Summonings     | 1 |  1.4
Necromancy     | 1 |  1.4
Translocations | 1 |  1.4
Transmutations | 1 |  1.4
Ice Magic      | 1 |  1.4
Air Magic      | 1 |  1.4
Earth Magic    | 1 |  1.4
Poison Magic   | 1 |  1.4
Dodging        | |  4.9
Stealth        | |  4.5
Fire Magic     | |  5.6

Action                     |  1- 3 |  4- 6 || total
---------------------------+-------+-------++-------
  Melee: Unarmed           |    14 |       ||    14
         Spear             |    11 |     3 ||    14
         Bite              |     1 |       ||     1
   Cast: Foxfire           |    92 |    58 ||   150
         Scorch            |       |    16 ||    16
 Armour: Robe              |    18 |     2 ||    20
  Dodge: Dodged            |    47 |    60 ||   107

Table legend: (Time is in decaauts)
 A = Elapsed time spent in this place.
 B = Non-inter-level travel time spent in this place.
 C = Inter-level travel time spent in this place.
 D = Time resting spent in this place.
 E = Time spent auto-exploring this place.
 F = Levels seen in this place.
 G = Mean time per level.
                   A        B        C        D        E       F      G
               +--------+--------+--------+--------+--------+-----+--------+
         Total |   4259 |   4127 |    132 |    284 |   3275 |   4 | 1064.8 |
       Dungeon |   4259 |   4127 |    132 |    284 |   3275 |   4 | 1064.8 |
               +--------+--------+--------+--------+--------+-----+--------+

Top non-repeatable levels by time:
     D:3: 1701 daAuts
     D:2: 1334 daAuts
     D:1: 1216 daAuts
     D:4: 6 daAuts
